AoeStats
← Glandalf Legland

QS Arena

503296220Analyzed
4v4 RM · 1mo ago on Aug 31, 2026· 45m 28s· 8 players
Game mode
Random Map
Map size
Large (8 player)
Population
200
Speed
Normal
Resources
Standard
Victory
Conquest
Starting age
Dark Age
Ending age
Imperial Age
RankedLock teamsTeams togetherTeam positionsShared explorationLock speedFull tech treeHidden civsTurbo modeCheats
Victory
Defeat
🇦🇷 Persians · Argentina
1147
+14
🇨🇦 Khmer · Canada
1132
+14
🇦🇷 Franks · Argentina
1057
+18
🇦🇷 Huns · Argentina
989
+21
🇺🇸 Franks · United States
1144
-19
🇺🇸 Ethiopians · United States
1118
-18
🇺🇸 Slavs · United States
1069
-15
🇺🇸 Romans · United States
1063
-15
Atom_Splitter
8:37 Feudal Age
12:48 Castle Age
11:04 Double-Bit Axe
12:33 Stone Mining
15:43 Bow Saw
17:19 Horse Collar
23:21 Heavy Plow
27:17 Imperial Age
26:10 Wheelbarrow
25:24 Loom
27:25 Fletching
28:53 Scale Mail Armor
29:39 Gold Mining
30:28 Detinets
30:49 Conscription
31:29 Gold Shaft Mining
31:11 Chain Mail Armor
31:08 Forging
31:03 Squires
31:18 Heavy Scorpion
31:27 Pikeman
33:19 Plate Mail Armor
33:54 Iron Casting
34:32 Chemistry
33:53 Ballistics
35:28 Bodkin Arrow
37:40 Siege Engineers
38:42 Halberdier
39:43 Hand Cart
39:14 Town Watch
Mr Ben Wayde
8:49 Feudal Age
10:36 Loom
13:06 Castle Age
11:15 Double-Bit Axe
12:03 Horse Collar
12:27 Gold Mining
14:11 Bow Saw
22:57 Heavy Plow
23:38 Gold Shaft Mining
23:22 Caravan
23:13 Pikeman
27:16 Wheelbarrow
30:18 Imperial Age
30:49 Heavy Scorpion
30:53 Halberdier
32:37 Ballistics
33:18 Chemistry
32:50 Stone Mining
33:03 Murder Holes
33:22 Fortified Wall
34:20 Hand Cart
34:37 Crop Rotation
37:25 Siege Engineers
gaurioles
7:41 Feudal Age
12:52 Castle Age
11:28 Double-Bit Axe
16:30 Wheelbarrow
18:09 Light Cavalry
18:50 Husbandry
19:21 Stone Mining
19:42 Loom
19:44 Town Watch
20:14 Hand Cart
20:39 Gold Mining
22:04 Gold Shaft Mining
26:05 Imperial Age
24:53 Scale Barding Armor
25:42 Husbandry
26:45 Cavalier
28:01 Chain Barding Armor
27:51 Forging
27:40 Pikeman
28:21 Squires
28:32 Halberdier
30:43 Plate Barding Armor
30:44 Iron Casting
31:33 Caravan
32:04 Coinage
32:30 Block Printing
32:35 Sanctity
33:03 Ballistics
33:44 Chemistry
33:07 Ballistics
33:11 Conscription
33:50 #83
33:30 Fletching
33:40 Scale Mail Armor
34:20 Elite Throwing Axeman
37:08 Chain Mail Armor
36:45 Elite Skirmisher
38:58 Blast Furnace
37:54 Bodkin Arrow
39:02 Plate Mail Armor
38:33 Padded Archer Armor
38:29 Heavy Scorpion
41:55 Leather Archer Armor
42:18 Fervor
Wangdangdoodle
8:08 Feudal Age
11:47 Castle Age
9:40 Double-Bit Axe
10:48 Horse Collar
25:05 Imperial Age
22:34 Gold Mining
23:02 Fletching
23:56 Wheelbarrow
23:55 Murder Holes
25:12 Hand Cart
25:30 Bodkin Arrow
26:48 Chemistry
27:14 Bracer
27:15 Padded Archer Armor
29:50 Halberdier
30:44 Forging
30:35 Scale Mail Armor
32:33 Fortified Wall
33:52 Iron Casting
33:32 Chain Mail Armor
35:42 Blast Furnace
36:03 Illumination
35:26 Crossbowman
36:32 Arbalester
37:18 Thumb Ring
38:38 Plate Mail Armor
39:21 Bow Saw
Glandalf Legland
8:39 Feudal Age
9:48 Horse Collar
14:01 Castle Age
12:22 Double-Bit Axe
12:48 Stone Mining
15:36 Town Watch
16:23 Bow Saw
17:30 Gold Mining
18:26 Scale Barding Armor
18:39 Padded Archer Armor
20:02 Bloodlines
20:11 Heavy Plow
21:57 Chain Barding Armor
23:21 Forging
23:34 Light Cavalry
24:54 Tusk Swords
26:38 Wheelbarrow
26:11 Devotion
31:02 Loom
33:37 Hand Cart
33:02 Man-at-Arms
33:45 Scale Mail Armor
34:21 Iron Casting
34:14 Fortified Wall
37:40 Imperial Age
37:47 Crossbowman
40:48 Plate Barding Armor
40:14 Elite Skirmisher
41:02 Siphons
42:31 Leather Archer Armor
42:06 Fletching
43:24 Heavy Scorpion
45:19 Bodkin Arrow
Cristian Monzon
7:50 Feudal Age
11:34 Castle Age
9:54 Double-Bit Axe
10:28 Horse Collar
12:18 Bow Saw
14:08 Heavy Plow
14:10 Gold Mining
15:07 Loom
17:11 Stone Mining
22:20 Wheelbarrow
21:41 Town Watch
28:11 Imperial Age
26:43 Ballistics
26:30 Scale Barding Armor
26:36 Forging
26:38 Bloodlines
26:28 Husbandry
27:23 Hand Cart
28:07 Chain Barding Armor
29:33 Chemistry
27:54 Heavy Camel Rider
29:11 Iron Casting
29:38 Plate Barding Armor
32:53 Blast Furnace
32:33 Padded Archer Armor
34:58 Leather Archer Armor
35:49 Cavalier
37:54 Ring Archer Armor
38:00 Savar
41:49 Two-Man Saw
41:20 Crop Rotation
41:25 Gold Shaft Mining
41:31 Conscription
44:34 Masonry
44:15 Fletching
45:02 Hoardings
44:39 Citadels
BITCOIN_
3:39 Loom
7:20 Feudal Age
9:30 Double-Bit Axe
15:14 Castle Age
14:12 Forging
14:23 Forging
14:42 Gold Mining
16:03 Wheelbarrow
18:29 Stone Mining
18:41 Town Watch
22:14 Bow Saw
27:13 Imperial Age
24:53 Pikeman
26:15 Scale Mail Armor
26:47 Ballistics
27:08 Squires
27:25 Chain Mail Armor
27:46 Iron Casting
27:58 Halberdier
29:27 Conscription
29:54 Hand Cart
30:38 Plate Mail Armor
32:25 Chemistry
38:33 Blast Furnace
39:22 Fletching
40:29 Man-at-Arms
40:58 Gambesons
41:20 Long Swordsman
41:47 Arson
42:28 Two-Handed Swordsman
43:53 Champion
九點半
8:53 Feudal Age
13:59 Castle Age
15:47 Wheelbarrow
15:28 Double-Bit Axe
18:14 Bow Saw
21:33 Hand Cart
21:03 Loom
21:04 Town Watch
25:10 Scale Barding Armor
25:16 Forging
26:35 Town Patrol
31:19 Imperial Age
30:01 Iron Casting
29:58 Chain Barding Armor
29:55 Gold Mining
29:56 Stone Mining
31:09 Marauders
31:13 Husbandry
31:24 Bloodlines
32:42 Gold Shaft Mining
31:38 Elite Tarkan
32:39 Conscription
34:23 Blast Furnace
33:58 Plate Barding Armor
Connection lost

Rejoining the realm…

Still unreachable

The connection could not be restored.

Session expired

The server has moved on; the page needs a fresh start.